 Dungeon Crawl Stone Soup version 0.16.0-11-gd45b091 (webtiles) character file.

8106 Xorborg the Fighter (level 11, -2/73 HPs)
             Began as a Gargoyle Fighter on Mar 17, 2015.
             Was an Elder of Okawaru.
             Killed by divine providence
             ... invoked by an orc priest
              (16 damage)
             ... on level 4 of the Orcish Mines.
             The game lasted 01:37:27 (10543 turns).

Xorborg the Fighter (Gargoyle Fighter)             Turns: 10543, Time: 01:37:27

Health: -2/73      AC: 31    Str: 21    XL:     11   Next: 25%
Magic:  18/18      EV: 10    Int:  7    God:    Okawaru [****..]
Gold:   1001       SH: 14    Dex: 12    Spells: 0 memorised, 14 levels left

rFire  . . .     SeeInvis .     G - +1 war axe (chop)
rCold  . . .     Clarity  +     o - +0 plate armour of Honesty {+Fly MR++ Int-4 Dex+3}
rNeg   + . .     SustAb   .     W - +0 shield {AC+3}
rPois  ∞         Gourm    .     (no helmet)
rElec  +         Spirit   .     Z - +1 cloak
rCorr  .         Warding  .     f - +0 pair of gloves
rMut   .         Stasis   .     (no boots)
MR     ++...                    F - amulet of clarity
Stlth  ..........               H - +1 ring of evasion
                                B - ring of flight (curse)

@: heroism, very resistant to hostile enchantments, extremely unstealthy
A: negative energy resistance 1, electricity resistance, unbreathing,
petrification resistance, rot immunity, AC +7
a: Heroism, Renounce Religion, Evoke Flight


You were on level 4 of the Orcish Mines.
You worshipped Okawaru.
Okawaru was greatly pleased with you.
You were not hungry.

You visited 3 branches of the dungeon, and saw 14 of its levels.

You collected 1551 gold pieces.
You spent 550 gold pieces at shops.

Inventory:

Hand weapons
 c - a +1 hand axe of freezing
 g - a +1 flail of protection
 G - a +1 war axe of chopping (weapon)
Missiles
 M - 35 stones
 O - 4 steel javelins (quivered)
Armour
 f - a +0 pair of gloves (worn)
 o - the +0 plate armour of Honesty (worn) {+Fly MR++ Int-4 Dex+3}
   (You found it on level 8 of the Dungeon)

   It affects your intelligence (-4).
   It affects your dexterity (+3).
   It affects your resistance to hostile enchantments.
   It lets you fly.
 y - a troll hide {Snorg}
 W - a +0 shield of protection (worn)
 Z - a +1 cloak (worn)
Jewellery
 B - a cursed ring of flight (left hand)
 C - an uncursed amulet of the gourmand
 F - an amulet of clarity (around neck)
 H - a +1 ring of evasion (right hand)
 R - an uncursed ring of see invisible {unknown}
Magical devices
 m - a wand of polymorph (1)
 u - a wand of fire (7)
 K - a wand of draining (6)
 N - a wand of enslavement (10)
Scrolls
 h - 9 scrolls of identify {unknown}
 i - a scroll of recharging {unknown}
 k - 6 scrolls of remove curse {unknown}
 r - a scroll of teleportation {unknown}
 s - 2 scrolls of fear {unknown}
 w - 2 scrolls of magic mapping {unknown}
 z - a scroll of amnesia {unknown}
 A - 2 scrolls of enchant armour {unknown}
 P - a scroll of immolation {unknown}
 Q - a scroll of noise {unknown}
 X - a scroll of random uselessness {unknown}
Potions
 b - a potion of beneficial mutation {unknown}
 e - 2 potions of might
 l - 3 potions of curing
 n - 2 potions of restore abilities
 p - 2 potions of cure mutation {unknown}
 t - 2 potions of poison {unknown}
 v - 2 potions of agility
 x - 2 potions of flight
 I - a potion of lignification
 J - a potion of haste
 L - 2 potions of brilliance
 T - a potion of invisibility
 V - a potion of heal wounds
Books
 a - a Necronomicon {highlevel, unknown}

   This book is beyond your current level of understanding.

   Spells                             Type                      Level
   a - Haunt                          Necromancy/Summoning         7
   b - Borgnjor's Revivification      Necromancy                   8
   c - Death's Door                   Charms/Necromancy            8
   d - Necromutation                  Transmutation/Necromancy     8
 S - a book of Maledictions

   Spells                             Type                      Level
   a - Corona                         Hexes                        1
   b - Sure Blade                     Hexes/Charms                 2
   c - Ensorcelled Hibernation        Hexes/Ice                    2
   d - Confuse                        Hexes                        3
   e - Dazzling Spray                 Conjuration/Hexes            3
   f - Enslavement                    Hexes                        4
 U - a book of Clouds

   Spells                             Type                      Level
   a - Mephitic Cloud                 Conjuration/Poison/Air       3
   b - Conjure Flame                  Conjuration/Fire             3
   c - Poisonous Cloud                Conjuration/Poison/Air       6
   d - Freezing Cloud                 Conjuration/Ice/Air          6
   e - Ring of Flames                 Charms/Fire                  7
 Y - a book of the Earth

   Spells                             Type                      Level
   a - Leda's Liquefaction            Hexes/Earth                  4
   b - Bolt of Magma                  Conjuration/Fire/Earth       5
   c - Statue Form                    Transmutation/Earth          6
   d - Iron Shot                      Conjuration/Earth            6
   e - Shatter                        Earth                        9
Comestibles
 d - 12 bread rations
 j - 6 beef jerkies
 q - 3 meat rations
 D - 8 slices of pizza


   Skills:
 * Level 10.7(15.7) Fighting
 + Level 2.0(9.7) Axes
 + Level 7.3(12.5) Maces & Flails
 - Level 0.2(5.2) Throwing
 * Level 9.7(14.7) Armour
 - Level 1.2(6.2) Dodging
 + Level 9.7(14.7) Shields
 + Level 2.1 Spellcasting
 + Level 0.7 Invocations


You had 14 spell levels left.
You didn't know any spells.

Dungeon Overview and Level Annotations

Branches:
Dungeon (9/15)             Temple (1/1) D:4             Orc (4/4) D:9
    Elf (0/3) Orc:4
   Lair: D:8-11

Altars:
Ashenzari
Cheibriados
Dithmenos
Elyvilon
Fedhas
Gozag
Kikubaaqudgha
Makhleb
Nemelex Xobeh
Okawaru
Qazlal
Ru
Sif Muna
Trog
Vehumet
Xom
Yredelemnul
Zin
The Shining One
Beogh

Shops:
Orc:4 !


Innate Abilities, Weirdness & Mutations

You are resistant to torment.
You are immune to poison.
Your stone body is very resilient (AC +7).
You resist negative energy.
You are resistant to electric shocks.
You can survive without breathing.
You are immune to petrification.
You are immune to rotting.


Message History

The orc warlord roars a battlecry!
The orcs go into a battle-frenzy!
The orc priest mumbles some strange prayers to Beogh against you.
Something smites you!
The orc warrior moves out of view.
An orc sorcerer comes into view. It is wielding a dagger.
The orc sorcerer throws its arms wide while chanting.
The dead are walking!
An orc zombie comes into view.
You closely miss the orc warrior. The orc warrior completely misses you.
You barely miss the orc warrior.
The orc warrior hits you but does no damage.
The orc priest looks braver.
The orc priest calls down the wrath of Beogh upon you.
Something smites you!
There is a stone staircase leading up here.
The orc warrior hits you with a short sword!
* * * LOW HITPOINT WARNING * * *
The orc priest calls down the wrath of Beogh upon you.
Something smites you!
You die...

...# #......#.### #.##
##......≈≈≈## ### ###
##....≈≈≈≈≈######.## # ###
#...!).:∩≈≈.##.#.o.# #
##.####.....≈≈≈≈≈.#...#.### #
#..<##.#.....≈≈≈.#Z.o##o#o#.##
###.[((..[.....)......#.oo....#
###.#...........#[..ooo.o#..oo...
##..............@oo....o###.ooo..
..)..............######## ###oo..
.................# ....
.................# .o..
.................# o..
........[........# ...
...#...))........# .
.................#
.................#


You could see an orc warlord, an orc sorcerer (frenzied), 3 orc warriors, 2 orc
priests, an orc (frenzied) and an orc zombie.

Vanquished Creatures
  Snorg (Orc:3)
  Joseph (Orc:4)
  A two-headed ogre (D:9)
  A hippogriff (D:8)
  4 yaks (D:9)
  2 hungry ghosts
  A human (D:9)
  2 wargs
  Menkaure (D:5)
  2 sky beasts
  18 orc warriors
  A phantom (D:4)
  A black bear (D:9)
  6 ogres
  3 centaurs
  2 ice beasts (D:7)
  Sigmund (D:6)
  3 giant frogs
  A wyvern skeleton (D:6)
  2 scorpions
  A water moccasin skeleton (D:4)
  An electric eel (D:9)
  5 crimson imps
  3 hounds
  2 goliath beetles
  A jelly (D:6)
  A giant frog zombie (D:4)
  18 orc priests
  A giant frog skeleton (D:4)
  4 iguanas
  19 orc wizards
  6 worker ants
  3 sheep (D:9)
  A gnoll (D:1)
  12 adders
  4 shadow imps
  3 giant mites
  2 worms (D:4)
  An adder skeleton (D:9)
  3 oozes
  133 orcs
  2 ball pythons
  15 bats
  4 giant cockroaches
  17 goblins
  11 hobgoblins
  11 jackals
  16 kobolds
  4 quokkas
  A ball python zombie (D:7)
  6 giant geckos
  8 giant newts
  2 giant spores (D:8)
  A jackal skeleton (D:4)
  2 quokka skeletons
  A quokka zombie (D:9)
  17 rats
  4 ballistomycetes (D:8)
400 creatures vanquished.

Vanquished Creatures (others)
  An adder (D:8)
  A quokka (D:8)
  A plant (D:9)
3 creatures vanquished.

Grand Total: 403 creatures vanquished

Notes
Turn   | Place    | Note
--------------------------------------------------------------
     0 | D:1      | Xorborg, the Gargoyle Fighter, began the quest for the Orb.
     0 | D:1      | Reached XP level 1. HP: 14/14 MP: 1/1
   276 | D:1      | Reached XP level 2. HP: 14/19 MP: 2/2
   407 | D:1      | Reached XP level 3. HP: 23/23 MP: 3/3
   921 | D:2      | Reached skill level 4 in Shields
  1113 | D:2      | Reached XP level 4. HP: 27/29 MP: 4/4
  1692 | D:5      | Entered Level 5 of the Dungeon
  1696 | D:5      | Reached XP level 5. HP: 30/33 MP: 5/5
  1758 | D:3      | Reached skill level 1 in Dodging
  2605 | D:4      | Reached skill level 5 in Shields
  2605 | D:4      | Reached XP level 6. HP: 35/38 MP: 6/6
  3018 | D:4      | Noticed an ogre
  3028 | D:4      | Killed an ogre
  3028 | D:4      | Reached skill level 5 in Armour
  3076 | D:4      | Noticed an ogre
  3090 | D:4      | Reached XP level 7. HP: 31/44 MP: 7/7
  3094 | D:4      | Killed an ogre
  3121 | D:5      | Noticed a sky beast
  3193 | D:4      | Found a staircase to the Ecumenical Temple.
  3220 | Temple   | Entered the Ecumenical Temple
  3308 | Temple   | Became a worshipper of Warmaster Okawaru
  3560 | D:5      | Reached skill level 5 in Fighting
  3640 | D:5      | Noticed Menkaure
  3661 | D:5      | Killed Menkaure
  3789 | D:5      | Noticed a centaur
  3796 | D:5      | Killed a centaur
  3796 | D:5      | Reached skill level 6 in Armour
  3796 | D:5      | Reached XP level 8. HP: 42/50 MP: 8/8
  3828 | D:5      | Killed a sky beast
  3828 | D:5      | Acquired Okawaru's first power
  4245 | D:6      | Noticed Sigmund
  4257 | D:6      | Killed Sigmund
  4289 | D:6      | Found a snail-covered altar of Cheibriados.
  4403 | D:6      | Reached skill level 5 in Maces & Flails
  4403 | D:6      | Reached skill level 7 in Armour
  4829 | D:6      | Reached XP level 9. HP: 56/56 MP: 9/9
  5814 | D:8      | Got a pitted dagger
  6055 | D:8      | Reached skill level 8 in Fighting
  6315 | D:8      | Got an ichor-stained plate armour
  6326 | D:8      | Identified the +0 plate armour of Honesty {+Fly MR++ Int-4 Dex+3} (You found it on level 8 of the Dungeon)
  6682 | D:9      | Reached skill level 1 in Spellcasting
  6687 | D:9      | Reached XP level 10. HP: 45/65 MP: 10/13
  6786 | D:9      | Reached skill level 9 in Fighting
  7081 | D:9      | Found a shattered altar of Ashenzari.
  7086 | D:9      | Saw a vision of the Swamp and the Snake Pit.
  7086 | D:9      | Noticed a black mamba
  7086 | D:9      | Noticed a mana viper
  7086 | D:9      | Noticed an anaconda
  7086 | D:9      | Noticed a salamander
  7086 | D:9      | Noticed a naga ritualist
  7087 | D:9      | Noticed an alligator
  7089 | D:9      | Noticed a mana viper
  7560 | D:9      | Found a staircase to the Orcish Mines.
  7635 | Orc:1    | Entered Level 1 of the Orcish Mines
  7915 | Orc:1    | Found a roughly hewn altar of Beogh.
  7952 | Orc:1    | Reached skill level 10 in Fighting
  8436 | Orc:2    | Found a roughly hewn altar of Beogh.
  9230 | Orc:3    | Noticed Snorg
  9243 | Orc:3    | Killed Snorg
  9243 | Orc:3    | Received a gift from Okawaru
  9243 | Orc:3    | Reached skill level 1 in Axes
  9243 | Orc:3    | Reached XP level 11. HP: 34/73 MP: 16/18
  9909 | Orc:4    | Entered Level 4 of the Orcish Mines
  9926 | Orc:4    | Noticed Joseph
  9936 | Orc:4    | Found Xugg's Distillery.
  9938 | Orc:4    | Killed Joseph
 10073 | Orc:4    | Bought a potion of restore abilities for 55 gold pieces
 10073 | Orc:4    | Bought a potion of lignification for 33 gold pieces
 10073 | Orc:4    | Bought a potion of agility for 44 gold pieces
 10073 | Orc:4    | Bought a potion of haste for 110 gold pieces
 10073 | Orc:4    | Bought a potion of invisibility for 88 gold pieces
 10073 | Orc:4    | Bought a potion of curing for 33 gold pieces
 10073 | Orc:4    | Bought a potion of degeneration for 11 gold pieces
 10073 | Orc:4    | Bought a potion of heal wounds for 55 gold pieces
 10073 | Orc:4    | Bought a potion of flight for 33 gold pieces
 10073 | Orc:4    | Bought 2 potions of brilliance for 88 gold pieces
 10171 | Orc:4    | Found a staircase to the Elven Halls.
 10254 | Orc:4    | Found a burning altar of Makhleb.
 10528 | Orc:4    | Noticed an orc warlord
 10530 | Orc:4    | Noticed an orc knight
 10543 | Orc:4    | Killed from afar by an orc priest

Action                   |  1- 3 |  4- 6 |  7- 9 | 10-12 || total
-------------------------+-------+-------+-------+-------++-------
Melee: Flail             |    86 |   179 |   310 |    54 ||   629
       Hand axe          |       |       |       |   363 ||   363
       Trident           |       |       |       |    67 ||    67
       War axe           |       |       |       |    73 ||    73
Throw: Stone             |       |     8 |    91 |    14 ||   113
       Javelin           |       |       |       |     8 ||     8
Invok: Heroism           |       |       |       |     5 ||     5
Evoke: Wand              |       |       |       |     1 ||     1
  Eat: Chunk             |       |     7 |    13 |    14 ||    34
